 Dungeon Crawl Stone Soup version 0.24.0-123-gd5b16e6ec5 (webtiles) character file.

Game seed: 15828980740918274080, levelgen mode: deterministic

647 RichardAverton the Chopper (level 7, -3/61 HPs)
             Began as a Minotaur Berserker on Jan 22, 2020.
             Was a Priest of Trog.
             Killed from afar by an orc wizard (12 damage)
             ... with a puff of flame
             ... on level 4 of the Dungeon.
             The game lasted 00:16:09 (2763 turns).

RichardAverton the Chopper (Minotaur Berserker)     Turns: 2763, Time: 00:16:10

Health: -3/61      AC: 13    Str: 23    XL:     7   Next: 27%
Magic:  6/6        EV:  6    Int:  4    God:    Trog [***...]
Gold:   112        SH:  0    Dex: 10    Spells: 6/6 levels left

rFire    x . .     SeeInvis .   a - +1 hand axe
rCold    + . .     Gourm    .   (no shield)
rNeg     . . .     Faith    .   g - +0 chain mail
rPois    .         Spirit   .   (helmet restricted)
rElec    .         Reflect  .   l - +1 cloak
rCorr    .         Harm     .   s - +0 pair of gloves
MR       .....                  (no boots)
Stlth    ..........             (no amulet)
HPRegen  0.20/turn              b - -3 ring of evasion (curse)
MPRegen  0.10/turn              i - ring of ice

@: confused
A: retaliatory headbutt, horns 2
a: Berserk, Trog's Hand, Renounce Religion


You were on level 4 of the Dungeon.
You worshipped Trog.
Trog was most pleased with you.
You were not hungry.

You visited 1 branch of the dungeon, and saw 4 of its levels.

You collected 112 gold pieces.

Inventory:

Hand Weapons
 a - a +1 hand axe (weapon)
Armour
 g - a +0 chain mail (worn)
 l - a +1 cloak (worn)
 s - a +0 pair of gloves (worn)
Jewellery
 b - a cursed -3 ring of evasion (left hand)
 i - a ring of ice (right hand)
 j - an uncursed ring of magical power {unknown}
Wands
 k - a wand of polymorph (19)
Scrolls
 m - a scroll of teleportation
Potions
 d - a potion of curing
 e - a potion of berserk rage
 f - a potion of haste
 h - a potion of cancellation
 n - a potion of heal wounds
 o - a potion of flight {unknown}
 p - a potion of magic {unknown}
 r - a potion of agility {unknown}
 t - a potion of brilliance {unknown}
Comestibles
 c - 6 rations
 q - a chunk of flesh


   Skills:
 + Level 5.5 Fighting
 + Level 7.2 Axes
 + Level 5.4 Armour
 + Level 3.4 Dodging
 + Level 0.3 Stealth


You had 6 spell levels left.
You didn't know any spells.
Your spell library was empty.

Dungeon Overview and Level Annotations

Branches:
Dungeon (4/15)
 Temple: D:4-7

Altars:


Innate Abilities, Weirdness & Mutations

You reflexively headbutt those who attack you in melee.
You have a pair of horns on your head.


Message History

The orc wizard hits you but does no damage. x2
You miss the orc wizard.
The orc wizard is almost dead.
The orc wizard casts a spell at you.
The puff of frost hits you but does no damage.
You closely miss the orc wizard.
The orc wizard is almost dead.
The orc wizard hits you but does no damage.
You bump into the rock wall.
The orc wizard hits you but does no damage. x2
You hit the orc wizard.
The orc wizard is almost dead.
The orc wizard gestures at you while chanting.
The puff of frost hits you. You resist.
* * * LOW HITPOINT WARNING * * *
The orc wizard barely misses you.
The orc wizard looks encouraged for a moment.
The orc wizard points at you and mumbles some strange words.
The puff of flame hits you! The fire burns you terribly!
You die...

#..........##......
#..........##......
#..................
#...............###
#...............#
#..........##..####
###.#..##.....†....
###........####.†.##
#..@...##### #...#
#o....## #..†#
#....## #.....
#....# #..... #....#
#.##.. #....# #.# ..
#†...# #.# #. #)[..#
#.# . ....#.# #.# .


You could see an orc wizard.

Vanquished Creatures
  Sigmund (D:3)
  A golden eye (D:4)
  A bullfrog (D:4)
  A scorpion (D:4)
  An iguana (D:4)
  Robin (D:3)
  6 gnolls
  8 adders
  An ooze (D:3)
  4 worms
  2 leopard geckos
  4 orcs
  7 giant cockroaches
  17 goblins
  4 hobgoblins
  2 jackals (D:2)
  A ball python (D:3)
  5 bats
  4 frilled lizards
  6 kobolds
  5 rats
  14 toadstools (D:1)
96 creatures vanquished.

Notes
Turn   | Place    | Note
-------+----------+-------------------------------------------
     0 | D:1      | RichardAverton the Minotaur Berserker began the quest for
                  | the Orb.
     0 | D:1      | Reached XP level 1. HP: 19/19 MP: 0/0
   646 | D:2      | Reached skill level 4 in Axes
   646 | D:2      | Reached XP level 2. HP: 23/27 MP: 1/1
   703 | D:2      | Reached XP level 3. HP: 22/33 MP: 2/2
   924 | D:2      | Found a faded altar of an unknown god.
   932 | D:2      | Reached XP level 4. HP: 34/41 MP: 3/3
  1210 | D:2      | Reached skill level 5 in Axes
  1212 | D:2      | Reached ** piety under Trog
  1504 | D:3      | Noticed Sigmund
  1512 | D:3      | Killed Sigmund
  1512 | D:3      | Reached skill level 5 in Fighting
  1512 | D:3      | Reached XP level 5. HP: 39/48 MP: 4/4
  1544 | D:3      | Reached XP level 6. HP: 40/56 MP: 5/5
  2025 | D:3      | Identified the +0 helmet of Hangman {rC- Str+2 Dex+4
                  | Stlth+}
  2025 | D:3      | Noticed Robin
  2052 | D:3      | Killed Robin
  2621 | D:4      | Reached *** piety under Trog
  2645 | D:4      | Reached skill level 6 in Axes
  2652 | D:4      | Reached skill level 5 in Armour
  2707 | D:4      | Noticed a golden eye
  2707 | D:4      | an orc priest changed into a golden eye
  2732 | D:4      | Killed a golden eye
  2732 | D:4      | Reached XP level 7. HP: 30/61 MP: 6/6
  2737 | D:4      | Reached skill level 7 in Axes
  2763 | D:4      | Killed from afar by an orc wizard

Levels and vault maps discovered:
D:1:      nagdon_arrival_zigzag_paths, layout_basic
D:2:      layout_loops_ring, chequers_ecumenical_altar_island,
          kennysheep_nondescript
D:3:      layout_basic, minmay_misc_feat_rows, uniq_sigmund, uniq_robin
D:4:      layout_rooms, grunt_gozag_breadcrumbs, uniq_natasha

Skill      XL: |  1  2  3  4  5  6  7 |
---------------+----------------------+-----
Fighting       | 4 5 |  5.5
Axes           | 4 5 6 7 |  7.2
Armour         | 3 4 5 |  5.4
Dodging        | 3 |  3.4
Stealth        | |  0.3

Action                   |  1- 3 |  4- 6 |  7- 9 || total
-------------------------+-------+-------+-------++-------
Melee: Hand axe          |    69 |   138 |    12 ||   219
       Headbutt          |    10 |    29 |     1 ||    40
Evoke: Wand              |       |     1 |       ||     1
  Use: Scroll            |     3 |    11 |       ||    14
  Eat: Chunk             |       |     6 |       ||     6
Armor: Ring mail         |    18 |     1 |       ||    19
       Animal skin       |     2 |       |       ||     2
       Chain mail        |       |   101 |    27 ||   128
Dodge: Dodged            |    30 |    42 |     4 ||    76
